 Dungeon Sprint DCSS version 0.27-a0-1140-g099f9bb0e8 (webtiles) character file.

Game seed: 8723483352726906131

13 mhtbhm the Chiller (level 2, -5/15 HPs)
             Began as a Deep Elf Ice Elementalist on May 8, 2021.
             Was a Follower of Vehumet.
             Slain by a mummy (14 damage)
             ... in the Dungeon (Sprint VII: "The Pits").
             The game lasted 00:00:47 (380 turns).

mhtbhm the Chiller (Deep Elf Ice Elementalist)       Turns: 380, Time: 00:00:48

Health: -5/15      AC:  2    Str:  5    XL:     2   Next: 24%
Magic:  4/8        EV: 12    Int: 19    God:    Vehumet [*.....]
Gold:   0          SH:  0    Dex: 15    Spells: 6/8 levels left

rFire    . . .     SeeInvis .   k - +2 quarterstaff
rCold    . . .     Faith    .   (shield currently unavailable)
rNeg     . . .     Spirit   .   a - +0 robe
rPois    .         Reflect  .   (no helmet)
rElec    .         Harm     .   (no cloak)
rCorr    .         Rampage  .   (no gloves)
Will     .....     NoTele   +   (no boots)
Stlth    ++........             (no amulet)
HPRegen  0.05/turn              (no ring)
MPRegen  0.11/turn              (no ring)

@: no status effects
A: no striking features
a: Renounce Religion


You were in the Dungeon.
You worshipped Vehumet.
Vehumet was aware of your devotion.
You visited 1 branch

Inventory:

Hand Weapons
 k - a +2 quarterstaff (weapon)
Armour
 a - a +0 robe (worn)
Scrolls
 h - a scroll of blinking
 i - 5 scrolls of amnesia
 j - a scroll of summoning
Potions
 b - 2 potions of invisibility
 c - a potion of curing
 d - a potion of heal wounds
 e - a potion of haste
 f - 4 potions of magic
 g - 3 potions of berserk rage


   Skills:
 + Level 2.6 Dodging
 + Level 2.6 Stealth
 + Level 3.9 Spellcasting
 + Level 6.2 Ice Magic


You had 6 spell levels left.
You knew the following spells:

 Your Spells              Type           Power      Damage    Failure   Level
a - Freeze                Ice            100%       1d11      1%          1
b - Shock                 Conj/Air       12%        1d3       14%         1

Your spell library contained the following spells:

 Spells                   Type           Power      Damage    Failure   Level
 Frozen Ramparts          Ice            54%        1d7       3%          3
 Ozocubu's Armour         Ice            27%        N/A       3%          3
 Hailstorm                Conj/Ice       15%        3d5       36%         4
 Metabolic Englaciation   Hex/Ice        7%         N/A       71%         5


Dungeon Overview and Level Annotations

Branches:
Dungeon (1/1)

Altars:
Ashenzari
Cheibriados
Dithmenos
Elyvilon
Fedhas
Gozag
Hepliaklqana
Kikubaaqudgha
Makhleb
Nemelex Xobeh
Okawaru
Qazlal
Ru
Sif Muna
Trog
Uskayaw
Vehumet
Wu Jian
Xom
Yredelemnul
Zin
The Shining One
Beogh
Jiyva
Lugonu


Message History

A mummy comes into view.
There is an open door here.
You see here a hobgoblin skeleton.
Casting: Freeze (safe; 1% risk of failure)
Confirm with . or Enter, or press ? or * to list all spells.
Aiming: Shock (safe; 14% risk of failure)
Press: ? - help, Shift-Dir - straight line, f - mummy
Aim: a mummy (83% to hit)
The zap hits the mummy.
The mummy is lightly damaged.
Unknown command.
Unknown command.
Casting: Shock (safe; 14% risk of failure)
Confirm with . or Enter, or press ? or * to list all spells.
Aiming: Shock (safe; 14% risk of failure)
Press: ? - help, Shift-Dir - straight line, f/p - mummy
Aim: a mummy (lightly damaged, 83% to hit)
The zap misses the mummy.
Unknown command.
Unknown command.
Casting: Shock (safe; 14% risk of failure)
Confirm with . or Enter, or press ? or * to list all spells.
Aiming: Freeze (safe; 1% risk of failure)
Press: ? - help, Shift-Dir - straight line, f/p - mummy
Aim: a mummy (lightly damaged)
You freeze the mummy.
The mummy resists.
The mummy is heavily damaged.
The mummy hits you.
Unknown command.
Unknown command.
Casting: Freeze (safe; 1% risk of failure)
Confirm with . or Enter, or press ? or * to list all spells.
Aiming: Freeze (safe; 1% risk of failure)
Press: ? - help, Shift-Dir - straight line, f/p - mummy
Aim: a mummy (heavily damaged)
You freeze the mummy.
The mummy resists.
The mummy is severely damaged.
The mummy hits you!
Ouch! That really hurt!
You die...

#_________.#
#_______...###########++
##########'##...........
#.?(.')))'.##......#..#.
##########.##...........
#.........).'...........
#+#####'#####......#..#.
#..#..#..##...........
#.†'M@)..#####'#####++
##'####+###.......# #...
#.......# #....
#.......# #####+
#...<...# #.......#
#.......# #.......#
#########


You could see a mummy.

Vanquished Creatures
  An ufetubus (D)
  An orc (D)
  A giant cockroach (D)
  A goblin (D)
  A hobgoblin (D)
  A quokka (D)
6 creatures vanquished.

Notes
Turn   | Place    | Note
-------+----------+-------------------------------------------
     0 | D        | mhtbhm the Deep Elf Ice Elementalist began the quest for
                  | the Orb.
     0 | D        | Reached XP level 1. HP: 10/10 MP: 6/6
    34 | D        | Found a bloodstained altar of Trog.
    34 | D        | Found a shimmering blue altar of Sif Muna.
    34 | D        | Found a viscous altar of Jiyva.
    34 | D        | Found a hazy altar of Hepliaklqana.
    34 | D        | Found an opulent altar of Gozag.
    35 | D        | Found a glowing golden altar of the Shining One.
    35 | D        | Found a glowing silver altar of Zin.
    35 | D        | Found a basalt altar of Yredelemnul.
    35 | D        | Found a shimmering altar of Xom.
    35 | D        | Found an ornate altar of the Wu Jian Council.
    35 | D        | Found a sacrificial altar of Ru.
    35 | D        | Found a stormy altar of Qazlal.
    35 | D        | Found an iron altar of Okawaru.
    35 | D        | Found a sparkling altar of Nemelex Xobeh.
    35 | D        | Found a burning altar of Makhleb.
    35 | D        | Found a blossoming altar of Fedhas.
    35 | D        | Found a white marble altar of Elyvilon.
    35 | D        | Found a shadowy altar of Dithmenos.
    35 | D        | Found a snail-covered altar of Cheibriados.
    37 | D        | Found a radiant altar of Vehumet.
    37 | D        | Found a corrupted altar of Lugonu.
    38 | D        | Found a hide-covered altar of Uskayaw.
    38 | D        | Found an ancient bone altar of Kikubaaqudgha.
    38 | D        | Found a broken altar of Ashenzari.
    45 | D        | Became a worshipper of Vehumet
    91 | D        | Reached skill level 5 in Ice Magic
   205 | D        | Reached XP level 2. HP: 10/15 MP: 4/8
   205 | D        | Reached * piety under Vehumet
   205 | D        | Offered knowledge of Shock by Vehumet.
   206 | D        | Reached skill level 6 in Ice Magic
   298 | D        | Learned a level 1 spell: Shock
   380 | D        | Slain by a mummy

Illustrated notes

Levels and vault maps discovered:
D:        pitsprint [storerooms_1, entrance_room_1, metal_vault_5, armoury_2,
          mini_pit_1, grid_room_1, main_hall_1, silver_pit, the_coven_3,
          the_vestibule_1, steel_vault_1, golden_pit, hallway_of_sentries,
          crystal_vault_6, iron_vault_4, final_vault]

Skill      XL: |  1  2 |
---------------+-------+-----
Ice Magic      | 5 6 |  6.2
Dodging        | |  2.6
Stealth        | |  2.6
Spellcasting   | |  3.9

Action                   || total
-------------------------++-------
 Cast: Freeze            ||    11
       Shock             ||     2
Armor: Robe              ||     1
Dodge: Dodged            ||     4

Table legend: (Time is in decaauts)
 A = Elapsed time spent in this place.
 B = Non-inter-level travel time spent in this place.
 C = Inter-level travel time spent in this place.
 D = Time resting spent in this place.
 E = Time spent auto-exploring this place.
 F = Levels seen in this place.
 G = Mean time per level.
                   A        B        C        D        E       F      G
               +--------+--------+--------+--------+--------+-----+--------+
         Total |    379 |    379 |      0 |    280 |      0 |   1 |  379.0 |
       Dungeon |    379 |    379 |      0 |    280 |      0 |   1 |  379.0 |
               +--------+--------+--------+--------+--------+-----+--------+

Top non-repeatable levels by time:
       D: 379 daAuts
